 Dungeon Crawl Stone Soup version 0.26-a0-720-g2a1d101370 (webtiles) character file.

Game seed: 12145940714467338928

3259 Conn the Thaumaturge (level 10, -3/60 HPs)
             Began as an Octopode Hedge Wizard on Nov 3, 2020.
             Was a Follower of Sif Muna.
             Slain by a polar bear (4 damage)
             ... on level 7 of the Dungeon.
             The game lasted 00:38:57 (9881 turns).

Conn the Thaumaturge (Octopode Hedge Wizard)        Turns: 9881, Time: 00:38:58

Health: -3/60      AC:  5    Str: 10    XL:     10   Next: 0%
Magic:  1/22       EV: 14    Int: 20    God:    Sif Muna [*.....]
Gold:   324        SH:  0    Dex: 11    Spells: 2/26 levels left

rFire    . . .     SeeInvis .   p - +1 dagger (freeze)
rCold    . . .     Faith    .   (no shield)
rNeg     . . .     Spirit   .   w - +2 hat
rPois    +         Reflect  .   l - amulet of the acrobat
rElec    .         Harm     .   i - ring of wizardry
rCorr    .         Rampage  .   (no ring)
MR       .....                  (no ring)
Stlth    ++++......             (no ring)
HPRegen  0.60/turn              (no ring)
MPRegen  0.18/turn              (no ring)
                                (no ring)
                                (no ring)

@: no status effects
A: almost no armour, stealthy swim, amphibious, 8 rings, constrict 8, molten
scales 1, camouflage 1, poison resistance, regeneration 1, gelatinous body 1
a: Channel Magic, Renounce Religion


You were on level 7 of the Dungeon.
You worshipped Sif Muna.
Sif Muna was aware of your devotion.
You visited 2 branches of the dungeon, and saw 8 of its levels.

You collected 324 gold pieces.

Inventory:

Hand Weapons
 a - a +0 dagger
 e - a +0 dagger of protection
 p - a +1 dagger of freezing (weapon)
 r - a +2 war axe of electrocution
Missiles
 d - 35 poisoned darts
 g - 3 atropa-tipped darts
 m - 15 sling bullets
 o - 2 curare-tipped darts (quivered)
 t - 4 throwing nets
Armour
 b - a +0 hat
 w - a +2 hat (worn)
Magical Staves
 j - an uncursed staff of death {unknown}
Jewellery
 i - a ring of wizardry (left tentacle)
 l - an amulet of the acrobat (around mantle)
Wands
 n - a wand of flame (19)
 s - a wand of iceblast (4)
 v - a wand of polymorph (9)
Scrolls
 f - 7 scrolls of remove curse
 h - 6 scrolls of identify
 q - a scroll of fog
 u - a scroll of blinking
 x - a scroll of amnesia {unknown}
Potions
 c - a potion of brilliance


   Skills:
 + Level 1.8 Fighting
 + Level 2.3 Short Blades
 + Level 1.2 Throwing
 + Level 4.4 Dodging
 + Level 6.7 Stealth
 * Level 8.6 Spellcasting
 * Level 5.8 Conjurations
 + Level 3.0 Summonings
 + Level 2.5 Translocations
 + Level 0.1 Fire Magic
 + Level 1.9 Air Magic
 + Level 1.5 Poison Magic
 + Level 1.6 Evocations


You had 2 spell levels left.
You knew the following spells:

 Your Spells              Type           Power        Failure   Level
a - Magic Dart            Conj           ####         1%          1
b - Blink                 Tloc           N/A          1%          2
c - Call Imp              Summ           ###.....     1%          2
d - Conjure Flame         Conj/Fire      ###.....     2%          3
e - Searing Ray           Conj           ####..       1%          2
f - Mephitic Cloud        Conj/Pois/Air  ###.....     2%          3
g - Iskenderun's Mystic   Conj/Tloc      ####....     6%          4
h - Inner Flame           Hex/Fire       #.......     10%         3
i - Fulminant Prism       Conj/Hex       ###.......   10%         4

Your spell library contained the following spells:

 Spells                   Type           Power        Failure   Level
 Corona                   Hex            #......      3%          1
 Slow                     Hex            #.......     4%          2
 Dazzling Flash           Conj/Hex       ###...       3%          3
 Portal Projectile        Hex/Tloc       ##....       6%          3
 Cause Fear               Hex            #.........   32%         4
 Leda's Liquefaction      Hex/Erth       #.........   32%         4


Dungeon Overview and Level Annotations

Branches:
Dungeon (7/15)             Temple (1/1) D:5

Altars:
Fedhas
Hepliaklqana
Makhleb
Nemelex Xobeh
Qazlal
Ru
Sif Muna
Trog
Wu Jian
The Shining One


Innate Abilities, Weirdness & Mutations

You cannot wear most types of armour.
You are very stealthy in the water. (Stealth+)
You are amphibious.
You can wear up to eight rings at the same time.
You can use your tentacles to constrict eight enemies at once.
Your skin changes colour to match your surroundings (Stealth+).
Your rubbery body absorbs attacks. (AC +1, EV +1)
You are partially covered in molten scales. (AC +2)
Your system is resistant to poisons. (rPois)
Your natural rate of healing is unusually fast.


Message History

The polar bear claws you but does no damage.
Okay, then.
Okay, then.
Unknown command.
Unknown command.
You hit the polar bear.
You squeeze the polar bear, but do no damage.
The polar bear is almost dead.
The polar bear bites you! The polar bear claws you.
The polar bear claws you but does no damage.
You closely miss the polar bear.
The polar bear is almost dead.
The polar bear bites you. The polar bear barely misses you.
The polar bear claws you.
You hit the polar bear but do no damage.
The polar bear is almost dead.
The polar bear bites you!!
* * * LOW HITPOINT WARNING * * *
The polar bear claws you.
You die...

.
..#############
.......Z@....#
........h....#
###.........#
#.........##
#..†.......#
#........#.#
####).).....#.#
#.†.........#.#
##.##..........#
.#


You could see a polar bear (berserk) and a bullfrog zombie.

Vanquished Creatures
  2 polar bears (D:7)
  A wyvern (D:7)
  3 hogs (D:7)
  Menkaure (D:5)
  2 water moccasins (D:6)
  An orc warrior (D:6)
  A necrophage (D:6)
  7 black bears
  A wolf (D:7)
  A phantom (D:4)
  4 ogres
  A centaur (D:7)
  Blork the orc (D:5)
  2 scorpions (D:4)
  A howler monkey (D:4)
  A bullfrog skeleton (D:4)
  2 hounds
  A centaur skeleton (D:5)
  A gnoll shaman (D:6)
  4 orc priests
  Ijyb (D:3)
  4 iguanas
  9 orc wizards
  2 worker ants (D:5)
  The ghost of MordorOrchid the Covert, a weakling GnDe (D:4)
  A worker ant zombie (D:5)
  4 gnolls (D:6)
  10 adders
  A white imp (D:6)
  An ooze (D:2)
  3 worms
  3 dart slugs
  5 leopard geckos
  21 orcs
  5 bats
  4 giant cockroaches
  10 goblins
  5 hobgoblins
  13 jackals
  13 kobolds
  4 quokkas
  2 ball pythons
  7 frilled lizards
  A leopard gecko skeleton (D:5)
  5 rats
173 creatures vanquished.

Vanquished Creatures (collateral kills)
  2 worker ants (D:4)
  2 orcs (D:3)
  A hobgoblin (D:3)
  A goblin (D:3)
6 creatures vanquished.

Grand Total: 179 creatures vanquished

Notes
Turn   | Place    | Note
-------+----------+-------------------------------------------
     0 | D:1      | Conn the Octopode Hedge Wizard began the quest for the Orb.
     0 | D:1      | Reached XP level 1. HP: 11/11 MP: 4/4
   121 | D:1      | Reached XP level 2. HP: 13/17 MP: 6/6
   368 | D:1      | Learned a level 2 spell: Blink
   371 | D:1      | Learned a level 2 spell: Call Imp
   905 | D:1      | Reached XP level 3. HP: 21/21 MP: 2/8
   960 | D:1      | Learned a level 3 spell: Conjure Flame
  1635 | D:2      | Reached XP level 4. HP: 27/27 MP: 9/9
  1647 | D:2      | Reached skill level 4 in Spellcasting
  2117 | D:3      | Reached skill level 1 in Short Blades
  2210 | D:3      | Reached XP level 5. HP: 18/32 MP: 0/11
  3098 | D:3      | Noticed Ijyb
  3135 | D:3      | Killed Ijyb
  3966 | D:4      | Reached XP level 6. HP: 24/37 MP: 7/13
  4137 | D:4      | Found a runed translucent gate.
  4137 | D:4      | Found a runed translucent gate.
  4137 | D:4      | Found a runed translucent gate.
  4137 | D:4      | Noticed MordorOrchid's ghost (weakling GnDe)
  4939 | D:4      | Learned a level 2 spell: Searing Ray
  4943 | D:4      | Learned a level 3 spell: Mephitic Cloud
  4956 | D:4      | Killed MordorOrchid's ghost
  4956 | D:4      | Reached skill level 5 in Spellcasting
  5080 | D:5      | Entered Level 5 of the Dungeon
  5080 | D:5      | Noticed Menkaure
  5227 | D:5      | Noticed a phantom
  5608 | D:4      | Killed a phantom
  5608 | D:4      | Reached skill level 1 in Fighting
  5608 | D:4      | Reached XP level 7. HP: 33/43 MP: 2/15
  6741 | D:5      | Reached skill level 1 in Evocations
  6746 | D:5      | Gained mutation: You are partially covered in molten
                  | scales. (AC +2) [potion of mutation]
  6746 | D:5      | Gained mutation: Your natural rate of healing is unusually
                  | fast. [potion of mutation]
  6746 | D:5      | Gained mutation: Your system is resistant to poisons.
                  | (rPois) [potion of mutation]
  6747 | D:5      | Noticed Blork the orc
  6755 | D:5      | Killed Menkaure
  6755 | D:5      | Reached skill level 6 in Spellcasting
  6778 | D:5      | Killed Blork the orc
  6779 | D:5      | Reached XP level 8. HP: 16/48 MP: 1/17
  6823 | D:5      | Reached skill level 1 in Air Magic
  6923 | D:5      | Found a glowing golden altar of the Shining One.
  7005 | D:5      | Found an ornate altar of the Wu Jian Council.
  7037 | D:4      | Reached skill level 1 in Throwing
  7220 | D:4      | Learned a level 4 spell: Iskenderun's Mystic Blast
  7299 | D:5      | Found a staircase to the Ecumenical Temple.
  7306 | Temple   | Entered the Ecumenical Temple
  7327 | Temple   | Became a worshipper of Sif Muna the Loreminder
  7596 | D:5      | Found a bloodstained altar of Trog.
  7599 | D:5      | Found a hazy altar of Hepliaklqana.
  7602 | D:5      | Found a blossoming altar of Fedhas.
  7915 | D:5      | Found a bloodstained altar of Trog.
  8197 | D:6      | Reached skill level 7 in Spellcasting
  8574 | D:6      | Reached XP level 9. HP: 34/53 MP: 0/20
  8793 | D:6      | Reached * piety under Sif Muna
  8848 | D:6      | Reached skill level 5 in Conjurations
  8878 | D:6      | Reached skill level 1 in Poison Magic
  9227 | D:6      | Reached skill level 8 in Spellcasting
  9693 | D:7      | Reached skill level 5 in Stealth
  9734 | D:7      | Found a huge runed translucent gate.
  9734 | D:7      | Found a huge runed translucent gate.
  9734 | D:7      | Found a huge runed translucent gate.
  9734 | D:7      | Found a huge runed translucent gate.
  9734 | D:7      | Noticed a polar bear
  9734 | D:7      | Noticed a polar bear
  9734 | D:7      | Noticed a polar bear
  9734 | D:7      | Noticed a polar bear
  9735 | D:7      | Noticed a polar bear
  9755 | D:7      | Learned a level 3 spell: Inner Flame
  9760 | D:7      | Learned a level 4 spell: Fulminant Prism
  9784 | D:7      | Killed a polar bear
  9799 | D:7      | Killed a polar bear
  9839 | D:7      | Reached XP level 10. HP: 60/60 MP: 1/22
  9881 | D:7      | HP: 1/60 [polar bear (24)]
  9881 | D:7      | Slain by a polar bear

Illustrated notes

Levels and vault maps discovered:
D:1:      eino_arrival_water_star, layout_loops_ring, roderic_roman_lattice,
          minmay_cut_off
D:2:      layout_basic
D:3:      layout_basic, st_stairs_8, minmay_fractal_squares_diagonal_5,
          uniq_ijyb
D:4:      minmay_evil_eye, layout_loops_ring, ebering_ghost_rock_garden
D:5:      layout_cave_pools, tso_oasis_becter, kennysheep_little_box,
          grunt_temple_overflow_diamond, minmay_temple_entry_nine_rooms,
          trog_hazing_becter, uniq_blork_the_orc, uniq_menkaure
D:6:      layout_gridville
D:7:      lemuel_bear_cage, layout_basic
Temple:   regret_index_temple_sphere_string

Skill      XL: |  1  2  3  4  5  6  7  8  9 |
---------------+----------------------------+-----
Spellcasting   | 4 5 6 7 8 |  8.6
Stealth        | 3 4 6 |  6.7
Short Blades   | 1 2 |  2.3
Conjurations   | 2 3 4 5 |  5.8
Fighting       | 1 |  1.8
Evocations     | 1 |  1.6
Dodging        | 3 4 |  4.4
Air Magic      | 1 |  1.9
Throwing       | 1 |  1.2
Translocations | 2 |  2.5
Poison Magic   | 1 |  1.5
Summonings     | 3 |  3.0
Fire Magic     | |  0.1

Action                   |  1- 3 |  4- 6 |  7- 9 | 10-12 || total
-------------------------+-------+-------+-------+-------++-------
Melee: Dagger            |    55 |    92 |   141 |     3 ||   291
       Tentacles         |     9 |    21 |    32 |     1 ||    63
       Constrict         |    14 |    25 |    37 |       ||    76
Throw: Dart              |     3 |     4 |     8 |       ||    15
 Cast: Magic Dart        |    44 |    93 |   128 |     7 ||   272
       Call Imp          |       |    22 |     8 |       ||    30
       Blink             |       |     3 |    14 |       ||    17
       Searing Ray       |       |     5 |    11 |     1 ||    17
       Mephitic Cloud    |       |     3 |    32 |       ||    35
       Conjure Flame     |       |     1 |     2 |       ||     3
       Iskenderun's Myst |       |       |     2 |       ||     2
       Inner Flame       |       |       |     1 |       ||     1
Evoke: Wand              |       |       |    21 |       ||    21
  Use: Potion            |     2 |     2 |     8 |       ||    12
       Scroll            |     5 |     2 |     1 |       ||     8
 Stab: Sleeping          |     5 |    12 |     5 |       ||    22
       Confused          |       |       |     4 |       ||     4
Armor: Skin              |     2 |    12 |    41 |     3 ||    58
Dodge: Dodged            |    46 |    75 |   174 |     4 ||   299

Table legend: (Time is in decaauts)
 A = Elapsed time spent in this place.
 B = Non-inter-level travel time spent in this place.
 C = Inter-level travel time spent in this place.
 D = Time resting spent in this place.
 E = Time spent auto-exploring this place.
 F = Levels seen in this place.
 G = Mean time per level.
                   A        B        C        D        E       F      G
               +--------+--------+--------+--------+--------+-----+--------+
         Total |   9877 |   9729 |    148 |   2571 |   4538 |   8 | 1234.6 |
       Dungeon |   9845 |   9706 |    139 |   2571 |   4528 |   7 | 1406.4 |
        Temple |     31 |     22 |      9 |      0 |     10 |   1 |   31.0 |
               +--------+--------+--------+--------+--------+-----+--------+

Top non-repeatable levels by time:
     D:4: 2849 daAuts
     D:3: 2041 daAuts
     D:6: 1416 daAuts
     D:5: 1219 daAuts
     D:2: 1008 daAuts
     D:1: 936 daAuts
     D:7: 374 daAuts
  Temple: 31 daAuts
